 Dungeon Crawl Stone Soup version 0.25-a0-589-g1e14c549ee (webtiles) character file.

Game seed: 15133208768154205226, levelgen mode: deterministic

46041 MisterFreud the Severer (level 14, -5/137 HPs)
             Began as a Hill Orc Abyssal Knight on Mar 8, 2020.
             Was the Champion of Lugonu.
             Slain by an earth elemental (25 damage)
             ... summoned by a deep elf mage
             ... on level 13 of the Dungeon on Mar 9, 2020.
             The game lasted 01:11:02 (27701 turns).

MisterFreud the Severer (Hill Orc Abyssal Knight)  Turns: 27701, Time: 01:11:05

Health: -5/137     AC: 18    Str: 20    XL:     14   Next: 35%
Magic:  26/26      EV:  6    Int: 12    God:    Lugonu [******]
Gold:   1411       SH:  0    Dex: 10    Spells: 13/13 levels left

rFire    . . .     SeeInvis .   S - +4 war axe
rCold    . . .     Gourm    .   (no shield)
rNeg     . . .     Faith    +   o - +0 plate armour
rPois    .         Spirit   .   (no helmet)
rElec    .         Reflect  .   y - +1 cloak
rCorr    +         Harm     .   g - +0 pair of gloves
MR       +....                  O - +0 pair of boots
Stlth    ..........             d - amulet of faith
HPRegen  0.32/turn              r - ring of wizardry
MPRegen  0.20/turn              b - ring of resist corrosion

@: drained
A: no striking features
a: Depart the Abyss, Bend Space, Banish, Corrupt, Enter the Abyss, Brand Weapon
With Distortion, Renounce Religion


You were on level 13 of the Dungeon.
You worshipped Lugonu.
Lugonu was exalted by your worship.
You were not hungry.

You visited 2 branches of the dungeon, and saw 20 of its levels.
You visited the Abyss 1 time.
You also visited: Ossuary.

You collected 1411 gold pieces.

Inventory:

Hand Weapons
 S - a +4 war axe (weapon)
Missiles
 n - 4 curare-tipped darts (quivered)
 p - 4 throwing nets
Armour
 g - a +0 pair of gloves (worn)
 o - a +0 plate armour (worn)
 y - a +1 cloak (worn)
 O - a +0 pair of boots (worn)
Jewellery
 b - a ring of resist corrosion (right hand)
 d - an amulet of faith (around neck)
 r - a ring of wizardry (left hand)
Wands
 x - a wand of random effects (23)
 F - a wand of disintegration (30)
 G - a wand of enslavement (19)
 L - a wand of paralysis (25)
 Q - a wand of digging (7)
 R - a wand of iceblast (37)
Scrolls
 a - a scroll of fear
 s - 3 scrolls of magic mapping
 t - 6 scrolls of remove curse
 u - 8 scrolls of identify
 v - 3 scrolls of teleportation
 w - 3 scrolls of immolation
 B - 3 scrolls of enchant weapon
 Y - 2 scrolls of enchant armour
 Z - 2 scrolls of vulnerability
Potions
 e - 3 potions of resistance
 j - 5 potions of lignification
 k - a potion of magic
 q - 2 potions of flight
 z - a potion of haste
 A - 2 potions of cancellation
 C - 3 potions of brilliance
 D - 2 potions of invisibility
 H - a potion of berserk rage
 K - 2 potions of might
 M - 4 potions of curing
 P - 3 potions of mutation
Miscellaneous
 J - a phial of floods
 W - a lightning rod (4/4)
Comestibles
 c - 25 rations


   Skills:
 - Level 16.0(15.2) Fighting
 - Level 16.0(15.1) Axes
 + Level 8.6(7.9) Armour
 - Level 0.7(0.1) Dodging
 - Level 16.0(15.1) Invocations
 + Level 5.8(5.2) Evocations


You had 13 spell levels left.
You didn't know any spells.
Your spell library contained the following spells:

 Spells                   Type           Power        Failure   Level  Hunger
 Beastly Appendage        Tmut           #.....       92%         1    ##.....
 Freeze                   Ice            #...         92%         1    ##.....
 Sandblast                Erth           #.....       92%         1    ##.....
 Sticks to Snakes         Tmut           #.......     98%         2    ###....
 Ozocubu's Armour         Chrm/Ice       #.......     100%        3    ####...
 Spider Form              Tmut/Pois      #.........   100%        3    ####...
 Cause Fear               Hex            #.........   100%        4    #####..
 Ice Form                 Ice/Tmut       #.......     100%        4    #####..
 Blade Hands              Tmut           #.........   100%        5    ######.
 Bolt of Magma            Conj/Fire/Erth #.........   100%        5    ######.
 Iskenderun's Battlesphe  Conj/Chrm      #.......     100%        5    ######.
 Silence                  Hex/Air        #.........   100%        5    ######.
 Yara's Violent Unravell  Hex/Tmut       #.........   100%        5    ######.
 Deflect Missiles         Chrm/Air       #.........   100%        6    #######
 Freezing Cloud           Conj/Ice/Air   #.........   100%        6    #######
 Iron Shot                Conj/Erth      #.........   100%        6    #######
 Orb of Destruction       Conj           #.........   100%        7    #######
 Spellforged Servitor     Conj/Summ      #.........   100%        7    #######
 Discord                  Hex            #.........   100%        8    #######
 Shatter                  Erth           #.........   100%        9    #######


Dungeon Overview and Level Annotations

Branches:
Dungeon (14/15)            Temple (0/1) D:6            Lair (6/6) D:8
  Swamp (0/4) Lair:2       Spider (0/4) Lair:3        Slime (0/5) Lair:6
    Orc (0/2) D:10        Ossuary (visited)
 Vaults: D:13-14

Altars:
Ashenzari
Kikubaaqudgha
Qazlal
Trog
Vehumet
Yredelemnul
The Shining One
Beogh

Annotations:
D:1 exclusion: downstairs
D:4 Duvessa
D:6 1 runed translucent door, Flugslaktarn's ghost, novice MiFi
Lair:2 1 exclusion
Lair:3 exclusion: oklob plant
Lair:6 2 runed translucent doors
Abyss:1 Gastronok


Message History

The deep elf mage gestures wildly while chanting.
You slash the troll!
The troll is severely wounded.
The troll bites you but does no damage. The troll claws you. x2
You slice the troll!!
You kill the troll!
Lugonu accepts your kill. The deep elf mage casts a spell at you.
The bolt of magma hits you!! The deep elf mage barely misses you.
The earth elemental hits you!
You closely miss the deep elf mage. You slash the earth elemental!
The deep elf mage hits you but does no damage.
You feel drained.
You miss the deep elf mage. You slash the earth elemental!
You hit the earth elemental but do no damage.
The deep elf mage points at you and mumbles some strange words.
The stone arrow hits you!!!
* * * LOW HITPOINT WARNING * * *
The earth elemental hits you!!
You die...

....#..#...............#
....#..#.#####.#.#.....#
.#..........##.#.#.....#
..>................###.#
#....[##....##.#.#.# #.#
#...#.##....##.#.#.###.#
#...#.#
...#...........####
.......
.##.#.EeE.../.....
......#. ###@###.......
...####.# #.# ..e####
.... .........# .....
.##.##### .......
.T..... ....... .......


You could see 2 earth elementals and a deep elf mage.

Vanquished Creatures
  A hydra (D:8)
  2 two-headed ogres
  A queen ant (Lair:4)
  An unseen horror (D:10)
  An ugly thing (D:11)
  3 deep elf magi (D:9)
  A cyclops (D:11)
  An elephant (Lair:5)
  Maurice (D:6)
  7 black mambas
  A torpor snail (Lair:5)
  7 spiny frogs
  Maggie (Lair:2)
  8 komodo dragons
  A rime drake (Lair:3)
  2 trolls (D:13)
  A polar bear (Lair:6)
  A slime creature (Lair:6)
  A hornet (Lair:3)
  13 blink frogs
  2 bog bodies (Lair:2)
  5 hippogriffs
  Sigmund (D:3)
  8 wyverns
  8 wraiths
  40 yaks
  4 hungry ghosts
  5 basilisks (Lair:6)
  A steam dragon (Lair:6)
  9 soldier ants
  An acid dragon (D:11)
  3 vampire mosquitoes
  4 hell hounds (Lair:6)
  6 porcupines
  13 water moccasins
  7 orc warriors
  3 ice beasts
  4 sky beasts
  2 black bears
  2 necrophages
  10 ogres
  8 crocodiles
  3 centaurs
  2 big kobolds
  13 bullfrogs
  A water moccasin zombie (Ossuary)
  7 scorpions
  6 killer bees
  16 wights
  5 crimson imps
  A centaur zombie (D:9)
  A bullfrog zombie (D:5)
  5 lava snakes (Lair:6)
  11 orc priests
  7 hounds
  5 jellies
  3 centaur skeletons
  A gnoll shaman (D:8)
  3 bullfrog skeletons
  Crazy Yiuf (D:5)
  2 iguanas
  15 orc wizards
  31 worker ants
  A killer bee zombie (D:9)
  4 big kobold zombies (Ossuary)
  2 hound zombies
  2 hound skeletons
  A worker ant zombie (D:7)
  A howler monkey zombie (D:8)
  2 mummies (Ossuary)
  13 gnolls
  12 adders
  3 river rats (D:8)
  6 shadow imps
  7 adder zombies
  5 worms
  4 adder skeletons
  2 dart slugs
  4 leopard geckos
  49 orcs
  A bat zombie (D:1)
  3 giant cockroaches
  3 goblins
  8 hobgoblins
  9 jackals
  14 kobolds
  5 quokkas
  2 ball pythons
  6 bats
  10 frilled lizards
  5 gnoll zombies (Ossuary)
  2 goblin skeletons (D:6)
  12 hobgoblin zombies
  4 kobold zombies (Ossuary)
  A leopard gecko skeleton (D:6)
  A leopard gecko zombie (D:1)
  An orc skeleton (D:6)
  4 orc zombies
  A quokka skeleton (D:9)
  9 rats
  2 fungi (Lair:5)
561 creatures vanquished.

Vanquished Creatures (collateral kills)
  Josephine (Lair:5)
  A death yak (Lair:5)
2 creatures vanquished.

Vanquished Creatures (others)
  2 entropy weavers (Lair:4)
  A hydra (D:11)
  7 death yaks
  A lindwurm (Lair:6)
  3 molten gargoyles (Lair:6)
  10 fungi
  11 plants
35 creatures vanquished.

Grand Total: 598 creatures vanquished

Notes
Turn   | Place    | Note
-------+----------+-------------------------------------------
     0 | Abyss:1  | MisterFreud the Hill Orc Abyssal Knight began the quest for
                  | the Orb.
     0 | Abyss:1  | Reached XP level 1. HP: 19/19 MP: 2/2
     6 | Abyss:1  | Found a corrupted altar of Lugonu.
    10 | D:1      | Escaped the Abyss
   482 | D:1      | Reached XP level 2. HP: 21/27 MP: 3/3
  1034 | D:1      | Reached XP level 3. HP: 30/34 MP: 4/4
  1376 | D:2      | Reached ** piety under Lugonu
  1975 | D:2      | Reached XP level 4. HP: 41/41 MP: 5/5
  2178 | D:3      | Reached skill level 5 in Fighting
  2289 | D:3      | Noticed Sigmund
  2430 | D:3      | Reached skill level 5 in Axes
  2430 | D:3      | Reached XP level 5. HP: 48/48 MP: 6/6
  2808 | D:5      | Entered Level 5 of the Dungeon
  2968 | D:5      | Reached XP level 6. HP: 39/57 MP: 7/7
  3150 | D:4      | Noticed Duvessa
  3249 | D:3      | Found a shattered altar of Ashenzari.
  3249 | D:3      | Found a basalt altar of Yredelemnul.
  3364 | D:3      | Killed Sigmund
  3364 | D:3      | Reached XP level 7. HP: 55/63 MP: 8/8
  3458 | D:3      | Found an ancient bone altar of Kikubaaqudgha.
  3459 | D:3      | Found a glowing golden altar of the Shining One.
  3644 | D:3      | Reached *** piety under Lugonu
  3991 | D:4      | Noticed a two-headed ogre
  4000 | D:4      | Killed a two-headed ogre
  4000 | D:4      | Reached skill level 5 in Invocations
  4000 | D:4      | Reached XP level 8. HP: 50/73 MP: 9/11
  4524 | D:5      | Found a runed translucent door.
  4525 | D:5      | Noticed Crazy Yiuf
  4533 | D:5      | Killed Crazy Yiuf
  4931 | D:5      | Reached skill level 5 in Armour
  5001 | D:5      | Reached XP level 9. HP: 69/81 MP: 13/13
  5343 | D:5      | Reached skill level 10 in Axes
  5525 | D:6      | Found a runed translucent door.
  5527 | D:6      | Noticed Flugslaktarn's ghost (novice MiFi)
  5548 | D:6      | Reached skill level 1 in Evocations
  5561 | D:6      | Reached **** piety under Lugonu
  5593 | D:6      | Found a glowing golden altar of the Shining One.
  6572 | D:6      | Found a staircase to the Ecumenical Temple.
  6722 | D:7      | Reached ***** piety under Lugonu
  6825 | D:7      | Found a sand-covered staircase.
  6841 | Ossuary  | Entered an ossuary
  7153 | D:7      | Identified Ivantyry's Handbook of Stones and Cold
  7211 | D:7      | Got a smoking marble ring
  7212 | D:7      | Identified the ring "Piugrama" {Fire rN+ MR- MP+9 Str+3
                  | Dex+3} (You found it on level 7 of the Dungeon)
  7372 | D:7      | Reached XP level 10. HP: 88/88 MP: 15/15
  7388 | D:7      | Paralysed by a kobold for 5 turns
  7708 | D:8      | Noticed a death yak
  7834 | D:8      | Found a staircase to the Lair.
  7953 | D:8      | Noticed Gastronok
  7954 | D:8      | Banished Gastronok
  8025 | D:8      | Noticed Maurice
  8090 | D:6      | Killed Maurice
  8592 | D:8      | Noticed a death yak
  8594 | D:8      | Banished a death yak
  8594 | D:8      | Reached skill level 5 in Evocations
  8643 | D:8      | Noticed a death yak
  8852 | D:9      | Reached XP level 11. HP: 88/94 MP: 18/18
  9409 | D:9      | Reached skill level 10 in Invocations
  9462 | D:9      | Noticed a deep elf mage
  9462 | D:9      | Noticed a deep elf mage
  9462 | D:9      | Noticed a deep elf mage
  9482 | D:9      | Killed a deep elf mage
  9502 | D:9      | Killed a deep elf mage
  9503 | D:9      | Killed a deep elf mage
 10264 | D:9      | Found a radiant altar of Vehumet.
 10313 | D:9      | Found a stormy altar of Qazlal.
 10747 | D:8      | Found a bloodstained altar of Trog.
 10913 | D:10     | Entered Level 10 of the Dungeon
 10952 | D:10     | Reached skill level 15 in Axes
 10965 | D:10     | Found a staircase to the Orcish Mines.
 11516 | D:10     | HP: 4/94 [something (1)]
 11813 | D:8      | Reached ****** piety under Lugonu
 11813 | D:8      | Banished a death yak
 11830 | D:8      | Banished a death yak
 11838 | Lair:1   | Entered Level 1 of the Lair of Beasts
 11838 | Lair:1   | Noticed a seven-headed hydra
 11888 | D:8      | HP: 1/94 [seven-headed hydra (6)]
 11891 | D:8      | Killed a seven-headed hydra
 12294 | Lair:1   | Noticed a four-headed hydra
 12295 | Lair:1   | Banished a four-headed hydra
 12360 | Lair:1   | Reached XP level 12. HP: 55/101 MP: 20/20
 13544 | Lair:1   | Upgraded the game from 0.25-a0-583-g696c2ac64d to
                  | 0.25-a0-589-g1e14c549ee
 13692 | Lair:2   | Noticed Maggie
 13714 | Lair:2   | Killed Maggie
 15405 | Lair:2   | Found a staircase to the Swamp.
 15868 | Lair:3   | Noticed a death yak
 16020 | Lair:3   | Reached skill level 15 in Invocations
 16464 | Lair:3   | Noticed a death yak
 16474 | Lair:3   | Noticed a death yak
 16474 | Lair:3   | Noticed a death yak
 16478 | Lair:3   | Banished a death yak
 16837 | Lair:2   | Banished a death yak
 17129 | Lair:2   | Banished a death yak
 17158 | Lair:2   | Banished a death yak
 17634 | Lair:3   | Found a hole to the Spider Nest.
 18225 | Lair:4   | Reached XP level 13. HP: 110/112 MP: 24/24
 18242 | Lair:4   | Reached skill level 10 in Fighting
 18663 | Lair:4   | Noticed an entropy weaver
 19536 | Lair:5   | Noticed Josephine
 19771 | Lair:4   | Noticed an entropy weaver
 19782 | Lair:4   | Banished an entropy weaver
 19936 | Lair:4   | Banished an entropy weaver
 20259 | Lair:5   | Killed Josephine
 20276 | Lair:4   | You fall into a shaft and drop 2 floors!
 20276 | Lair:6   | Entered Level 6 of the Lair of Beasts
 23658 | Lair:6   | Found a staircase to the Slime Pits.
 23818 | Lair:6   | Reached XP level 14. HP: 30/133 MP: 26/26
 23997 | Lair:6   | Reached skill level 15 in Fighting
 24749 | Lair:6   | Found a large runed translucent door.
 24749 | Lair:6   | Found a large runed translucent door.
 25990 | D:10     | Found a roughly hewn altar of Beogh.
 27311 | D:12     | You fall into a shaft and drop 2 floors!
 27701 | D:13     | Slain by an earth elemental

Levels and vault maps discovered:
D:1:      saegor_arrival_fortress, layout_basic, minivault_26
D:2:      layout_loops_ring, serial_bayou_pond_e,
          corexii_item_surrounded_by_moat, due_unseen_surprise
D:3:      layout_basic, gammafunk_temple_overflow_statue,
          gammafunk_temple_overflow_elements, first_ration, hex_tiny,
          hex_intersection, uniq_sigmund
D:4:      layout_basic, minmay_diced_spiral, uniq_duvessa
D:5:      layout_gridville, uniq_crazy_yiuf_cottage
D:6:      layout_basic, minmay_temple_entry_fiery,
          ebering_ghost_reflecting_pool, nicolae_tso_besieged_by_evil
D:7:      layout_loops_ring, nicolae_ossuary_entry_monument
D:8:      layout_loops_ring, lightli_temple_of_fire, dpeg_lair_monsters,
          uniq_maurice, uniq_gastronok
D:9:      minmay_the_grid_net [minmay_the_grid_outer_diamond,
          minmay_the_grid_square_x, minmay_the_grid_slots,
          minmay_the_grid_odd_star, minmay_the_grid_tri_star,
          minmay_the_grid_prize_four_corners], layout_basic, kennysheep_mini,
          lemuel_crystal_altar, grunt_ogre_cave, chequers_serial_rivers_small_a
D:10:     layout_loops_corners, minmay_orc_entry_temple_small
D:11:     layout_irregular_city
D:12:     layout_layer_cave, serial_rivers, chequers_serial_rivers_large_b,
          chequers_serial_rivers_large_a, chequers_serial_rivers_micro_a,
          chequers_serial_rivers_room_a, chequers_serial_rivers_small_3,
          chequers_serial_rivers_small_b, minmay_checkered_concentric_circles,
          uniq_kirke
D:13:     layout_basic, grunt_vaults_entry_fortified
D:14:     layout_loops_cross, roderic_lattice_a, uniq_roxanne
Lair:1:   layout_regular_city, beast_lair_carwin_7
Lair:2:   layout_cave_pods, skrybe_swamp_entry_bodies, minmay_lindwurm_lava,
          grunt_megastairs_1, uniq_maggie
Lair:3:   layout_regular_city, nicolae_spider_entry_non_spiders,
          minmay_lair_oklob_bushes, grunt_megastairs_2
Lair:4:   layout_roguey, minmay_another_anthill
Lair:5:   layout_roguey, uniq_josephine
Lair:6:   cheibrodos_lair_end_hotspot, layout_regular_city,
          minmay_slime_entry_pillars, st_stairs_10

Skill      XL: |  1  2  3  4  5  6  7  8  9 10 11 12 13 14 |
---------------+-------------------------------------------+-----
Axes           | 3 4 5 6 8 9 11 13 16 | 16.0
Fighting       | 4 5 6 7 8 9 14 16 | 16.0
Invocations    | 5 6 7 9 11 15 16 | 16.0
Armour         | 4 5 6 8 |  8.6
Evocations     | 3 5 |  5.8
Dodging        | |  0.7

Action                   |  1- 3 |  4- 6 |  7- 9 | 10-12 | 13-15 || total
-------------------------+-------+-------+-------+-------+-------++-------
Melee: Hand axe          |   119 |   124 |   525 |    20 |       ||   788
       War axe           |       |       |    95 |   971 |   825 ||  1891
       Flail             |       |       |       |     7 |       ||     7
Throw: Dart              |     1 |    13 |    13 |       |       ||    27
       Stone             |       |     5 |       |       |       ||     5
Invok: Banish            |       |       |       |    22 |    13 ||    35
Evoke: Wand              |       |       |       |     4 |     8 ||    12
       Phial of floods   |       |       |       |       |     1 ||     1
  Use: Scroll            |       |     2 |    12 |    12 |     8 ||    34
       Potion            |       |       |       |     4 |     3 ||     7
 Stab: Paralysed         |       |       |       |     5 |       ||     5
  Eat: Chunk             |     3 |     4 |    14 |    32 |    24 ||    77
       Ration            |       |       |       |    11 |     3 ||    14
Armor: Leather armour    |     8 |       |       |       |       ||     8
       Scale mail        |    48 |     6 |       |       |       ||    54
       Plate armour      |       |    79 |   318 |   536 |   428 ||  1361
Dodge: Dodged            |    46 |    32 |   158 |   199 |   181 ||   616

Table legend:
 A = Non-vault XP
 B = Vault XP
 C = Vault XP percentage of total XP
 D = Non-vault monster count
 E = Vault monster count
 F = Vault count percentage of total count
                 A         B        C        D         E       F
            +---------+---------+-------+---------+---------+-------
      Total |   41666 |   24107 |  36.7 |     388 |     190 |  32.9
            +---------+---------+-------+---------+---------+-------
        D:1 |      32 |       3 |   8.6 |      19 |       2 |   9.5
        D:2 |      55 |       0 |   0.0 |      15 |       0 |   0.0
        D:3 |     199 |     220 |  52.5 |      16 |       1 |   5.9
        D:4 |    1183 |       6 |   0.5 |      23 |       2 |   8.0
        D:5 |    1021 |      39 |   3.7 |      33 |       1 |   2.9
        D:6 |     966 |     489 |  33.6 |      30 |      11 |  26.8
        D:7 |    1223 |       0 |   0.0 |      32 |       0 |   0.0
        D:8 |    3095 |    2482 |  44.5 |      46 |      12 |  20.7
        D:9 |    1435 |    3675 |  71.9 |      28 |      25 |  47.2
       D:10 |    2156 |     521 |  19.5 |      17 |      13 |  43.3
       D:11 |    4871 |       0 |   0.0 |      19 |       0 |   0.0
       D:12 |     217 |       0 |   0.0 |       1 |       0 |   0.0
       D:13 |    1569 |       0 |   0.0 |      12 |       0 |   0.0
     Lair:1 |    2115 |    1310 |  38.2 |       8 |       7 |  46.7
     Lair:2 |    4867 |    2520 |  34.1 |      20 |      13 |  39.4
     Lair:3 |    2371 |     872 |  26.9 |      10 |       7 |  41.2
     Lair:4 |    3751 |    4232 |  53.0 |      18 |      29 |  61.7
     Lair:5 |    3832 |    1595 |  29.4 |      18 |       5 |  21.7
     Lair:6 |    6708 |    5871 |  46.7 |      23 |      30 |  56.6
    Ossuary |       0 |     272 | 100.0 |       0 |      32 | 100.0
            +---------+---------+-------+---------+---------+-------
